 Dungeon Crawl Stone Soup version 0.17-a0-1210-g1e4f09d (webtiles) character file.

2 SWAGNEMITE the Gusty (level 1, 0/13 HPs)
             Began as a Human Wanderer on June 3, 2015.
             Slain by a rat (2 damage)
             ... on level 1 of the Dungeon.
             The game lasted 00:01:19 (106 turns).

SWAGNEMITE the Gusty (Human Wanderer)                Turns: 106, Time: 00:01:19

Health: 0/13       AC:  2    Str: 10    XL:     1   Next: 44%
Magic:  3/3        EV: 11    Int: 15    God:
Gold:   15         SH:  0    Dex: 11    Spells: 2 memorised, 2 levels left

rFire  . . .     SeeInvis .     d - +0 dagger
rCold  . . .     Clarity  .     c - +0 robe
rNeg   . . .     SustAt   .     (no shield)
rPois  .         Gourm    .     (no helmet)
rElec  .         Spirit   .     (no cloak)
rCorr  .         Warding  .     (no gloves)
rMut   .         Stasis   .     (no boots)
MR     .....                    (no amulet)
Stlth  +.........               (no ring)
                                (no ring)

@: not resistant to hostile enchantments, very unstealthy
A: no striking features
a: no special abilities


You were on level 1 of the Dungeon.
You were not hungry.

You visited 1 branch of the dungeon, and saw 1 of its levels.

You collected 15 gold pieces.

Inventory:

Hand weapons
 d - a +0 dagger (weapon)
Armour
 c - a +0 robe (worn)
Scrolls
 g - a scroll of identify {unknown}
Potions
 f - a potion of lignification {unknown}
Books
 a - a book of Air
 b - the Volume of Intoxication

   Spells                             Type                      Level
   a - Sting                          Conjuration/Poison           1
   b - Cure Poison                    Poison                       2
Comestibles
 e - a bread ration {@e1}


   Skills:
 + Level 1.1 Stealth
   Level 1.0 Shields
 - Level 2.0 Spellcasting
 + Level 0.2 Conjurations
   Level 2.0 Charms
   Level 2.0 Fire Magic
 + Level 2.1 Air Magic


You had 2 spell levels left.
You knew the following spells:

 Your Spells              Type           Power        Failure   Level  Hunger
a - Shock                 Conj/Air       #...         14%         1    #......
b - Sting                 Conj/Pois      #...         21%         1    #......


Dungeon Overview and Level Annotations

Branches:
Dungeon (1/15)

Altars:


Message History

Welcome, SWAGNEMITE the Human Wanderer.
Will you prevail where others failed? Will you find the Orb of Zot?
Found a club.
Found a staircase leading out of the dungeon.
Memorise Shock, consuming 1 spell level and leaving 3?
You start memorising the spell.
You continue memorising.
You finish memorising.
Spell assigned to 'a'.
Okay, then.
Okay, then.
You're too inexperienced to learn that spell!
Memorise Sting, consuming 1 spell level and leaving 2?
You start memorising the spell.
You continue memorising.
You finish memorising.
Spell assigned to 'b'.
You enter the shallow water.
Moving in this stuff is going to be slow.
You enter the shallow water.
Moving in this stuff is going to be slow.
You now have 15 gold pieces.
f - an amethyst potion
g - a scroll labeled USKIMUGISCH You see here a scale mail.
A rat comes into view.
You barely miss the rat. The rat closely misses you.
You barely miss the rat. The rat bites you.
You take 1 damage, and have 12/13 hp.
You hit the rat.
You kill the rat!
No target in view!
No target in view!
You see here a rat corpse.
A giant newt comes into view.
The giant newt bites you.
You take 2 damage, and have 10/13 hp.
You hit the giant newt but do no damage.
The giant newt barely misses you.
You hit the giant newt.
You kill the giant newt!
No target in view!
No target in view!
A giant cockroach comes into view.
You see here 23 stones.
The giant cockroach barely misses you.
You hit the giant cockroach but do no damage.
The giant cockroach bites you but does no damage.
You hit the giant cockroach.
The giant cockroach bites you but does no damage.
You completely miss the giant cockroach.
The giant cockroach bites you but does no damage.
You completely miss the giant cockroach.
The giant cockroach bites you.
You take 1 damage, and have 9/13 hp.
You completely miss the giant cockroach.
The giant cockroach closely misses you. The giant cockroach barely misses you.
You hit the giant cockroach but do no damage.
The giant cockroach bites you but does no damage.
You hit the giant cockroach but do no damage.
The giant cockroach bites you.
You take 1 damage, and have 8/13 hp.
You hit the giant cockroach. The giant cockroach closely misses you.
You hit the giant cockroach but do no damage.
The giant cockroach bites you but does no damage.
You barely miss the giant cockroach. The giant cockroach barely misses you.
The giant cockroach waves its antennae.
The giant cockroach barely misses you.
You barely miss the giant cockroach. The giant cockroach barely misses you.
You hit the giant cockroach but do no damage.
The giant cockroach bites you but does no damage.
You hit the giant cockroach.
You kill the giant cockroach!
No target in view!
No target in view!
No target in view!
A giant newt comes into view.
A rat comes into view.
The helpless giant newt fails to defend itself.
You hit the giant newt.
You kill the giant newt!
You hit the rat. The rat barely misses you.
You barely miss the rat. The rat bites you.
You take 3 damage, and have 6/13 hp.
MASSIVE DAMAGE!!
You barely miss the rat. The rat bites you.
You take 1 damage, and have 5/13 hp.
You closely miss the rat. The rat bites you.
* * * LOW HITPOINT WARNING * * *
You take 2 damage, and have 3/13 hp.
You closely miss the rat. The rat bites you but does no damage.
You closely miss the rat. The rat bites you.
* * * LOW HITPOINT WARNING * * *
You take 1 damage, and have 2/13 hp.
You closely miss the rat. The rat bites you.
You die...

##.# ...# #.# #..# #.#
#..# #.# #..# #.# #..#
#.# ##r.# #.#
#.@.#########.#
######.............#####
....................†...
##......#......#.#######
######...####...# ###.#
##.## #.#####(########
#...............
#######†########


You could see a rat.

Vanquished Creatures
  A giant cockroach (D:1)
  2 giant newts (D:1)
  A rat (D:1)
4 creatures vanquished.

Notes
Turn   | Place    | Note
--------------------------------------------------------------
     0 | D:1      | SWAGNEMITE the Human Wanderer began the quest for the Orb.
     0 | D:1      | SWAGNEMITE set off with: a book of Air, the Volume of Intoxication, a +0 robe, a +0 dagger, a bread ration {@e1}
     0 | D:1      | Reached XP level 1. HP: 13/13 MP: 3/3
     0 | D:1      | Identified the Volume of Intoxication
     2 | D:1      | Learned a level 1 spell: Shock
     4 | D:1      | Learned a level 1 spell: Sting
   103 | D:1      | HP: 3/13 [rat (2)]
   106 | D:1      | Slain by a rat

Vault maps used:
D:1:      dpeg_arrival_more_subterranean_lakeside_camping

Action                   || total
-------------------------++-------
Melee: Dagger            ||    26
 Stab: Sleeping          ||     1

Vault maps used:
D:1:      dpeg_arrival_more_subterranean_lakeside_camping

Table legend:
 A = Turns spent in this place as a percentage of turns spent in the entire game.
 B = Non-inter-level travel turns spent in this place as a percentage of non-inter-level travel turns spent in the entire game.
 C = Inter-level travel turns spent in this place as a percentage of turns spent in this place.
 D = Turns resting spent in this place as a percentage of non-inter-level travel turns spent in this place.
 E = Turns spent auto-exploring this place as a percentage of non-inter-level travel turns spent in this place.
 F = Non-inter-level travel turns spent in this place divided by the number of levels of this place that you've seen.
                   A       B       C       D       E      F
               +-------+-------+-------+-------+-------+----------------------
         Total | 100.0 | 100.0 |   0.0 |   0.0 |   9.7 |  62.0
       Dungeon | 100.0 | 100.0 |   0.0 |   0.0 |   9.7 |  62.0
               +-------+-------+-------+-------+-------+----------------------

Table legend:
 A = Kills in this place as a percentage of kills in entire the game.
 B = Kills by you in this place as a percentage of kills by you in the entire game.
 C = Kills by friends in this place as a percentage of kills by friends in the entire game.
 D = Other kills in this place as a percentage of other kills in the entire game.
 E = Experience gained in this place as a percentage of experience gained in the entire game.
 F = Experience gained in this place divided by the number of levels of this place that you have seen.
                   A       B       C       D       E      F
               +-------+-------+-------+-------+-------+----------------------
         Total | 100.0 | 100.0 |  -nan |  -nan | 100.0 |   4.0
       Dungeon | 100.0 | 100.0 |  -nan |  -nan | 100.0 |   4.0
               +-------+-------+-------+-------+-------+----------------------
